 Dungeon Crawl Stone Soup version 0.19.0 (webtiles) character file.

5971 Jorund the Dealer of Despair (level 10, -2/56 HPs)
             Began as an Octopode Necromancer on Nov 1, 2016.
             Was an Elder of Kikubaaqudgha.
             Slain by a killer bee (8 damage)
             ... on level 10 of the Dungeon.
             The game lasted 00:38:30 (10367 turns).

Jorund the Dealer of Despair (OpNe)                Turns: 10367, Time: 00:38:30

Health: -2/56      AC:  3    Str:  6    XL:     10   Next: 84%
Magic:  18/23      EV: 13    Int: 21    God:    Kikubaaqudgha [****..]
Gold:   146        SH:  6    Dex: 12    Spells: 8 memorised, 5 levels left

rFire  . . .     SeeInvis .     r - +3 dagger (protect)
rCold  + + .     Gourm    .     w - +1 buckler
rNeg   . . .     Faith    .     (helmet restricted)
rPois  .         Spirit   .     (no amulet)
rElec  .         Reflect  .     v - ring of protection from cold
rCorr  .         Harm     .     E - ring of protection from cold
MR     .....                    (no ring)
Stlth  ++++......               (no ring)
                                (no ring)
                                (no ring)
                                (no ring)
                                (no ring)

@: very slightly contaminated, hasted, very quick
A: almost no armour, stealthy swim, amphibious, 8 rings, constrict 8, thin
metallic scales 1, camouflage 1, weak 1, gelatinous body 1
a: Receive Corpses, Renounce Religion


You were on level 10 of the Dungeon.
You worshipped Kikubaaqudgha.
Kikubaaqudgha was greatly pleased with you.
You were not hungry.

You visited 1 branch of the dungeon, and saw 10 of its levels.

You collected 426 gold pieces.
You spent 280 gold pieces at shops.

Inventory:

Hand Weapons
 r - a +3 dagger of protection (weapon)
 G - a +0 dagger of venom
Missiles
 u - 4 javelins (quivered)
Armour
 w - a +1 buckler (worn)
Magical Staves
 A - an uncursed staff of earth
Jewellery
 p - an uncursed amulet of faith
 v - a ring of protection from cold (left tentacle)
 E - a ring of protection from cold (right tentacle)
Wands
 x - a wand of lightning (1/15)
 D - a wand of random effects (25/48)
 F - a wand of random effects (31/48)
Scrolls
 c - 2 scrolls of immolation
 j - 2 scrolls of teleportation
 n - 2 scrolls of remove curse
 y - a scroll of enchant armour
 z - a scroll of enchant weapon
 I - a scroll of summoning
 J - 2 scrolls of identify
Potions
 d - a potion of flight
 k - a potion of curing
 l - a potion of cure mutation
 m - 4 potions of magic
 q - a potion of resistance
 s - a potion of ambrosia
 t - a potion of might
 K - a potion of brilliance
Books
 a - a book of Necromancy

   Spells                             Type                      Level
   a - Pain                           Necromancy                   1
   b - Animate Skeleton               Necromancy                   1
   c - Vampiric Draining              Necromancy                   3
   d - Regeneration                   Charms/Necromancy            3
   e - Animate Dead                   Necromancy                   4
   f - Control Undead                 Necromancy                   4
 B - Kikubaaqudgha's Guide on Dark Rituals
   (Kikubaaqudgha gifted it to you on level 6 of the Dungeon)

   Spells                             Type                      Level
   a - Pain                           Necromancy                   1
   b - Corpse Rot                     Necromancy                   2
   c - Sublimation of Blood           Necromancy                   2
   d - Regeneration                   Charms/Necromancy            3
   e - Control Undead                 Necromancy                   4
 H - Kikubaaqudgha's Almanac of Dark Magic
   (Kikubaaqudgha gifted it to you on level 9 of the Dungeon)

   Spells                             Type                      Level
   a - Bolt of Draining               Conjuration/Necromancy       5
   b - Agony                          Necromancy                   5
   c - Cigotuvi's Embrace             Necromancy                   5
   d - Dispel Undead                  Necromancy                   5
   e - Simulacrum                     Ice/Necromancy               6
Comestibles
 b - 4 bread rations
 f - 3 meat rations
 g - a fruit
 i - 4 beef jerkies
 o - 3 chunks of flesh
 C - a royal jelly


   Skills:
 + Level 4.4 Short Blades
 - Level 2.0 Dodging
 - Level 5.0 Stealth
 - Level 5.0 Shields
 + Level 9.6 Spellcasting
 + Level 10.4 Necromancy


You had 5 spell levels left.
You knew the following spells:

 Your Spells              Type           Power        Failure   Level  Hunger
a - Pain                  Necr           ####         1%          1    None
b - Vampiric Draining     Necr           ######....   1%          3    None
c - Animate Skeleton      Necr           N/A          1%          1    None
d - Regeneration          Chrm/Necr      ####......   2%          3    None
e - Control Undead        Necr           ######....   1%          4    ##.....
f - Animate Dead          Necr           N/A          1%          4    ##.....
g - Sublimation of Blood  Necr           ######....   1%          2    None
h - Dispel Undead         Necr           ######..     2%          5    ####...


Dungeon Overview and Level Annotations

Branches:
Dungeon (10/15)            Temple (0/1) D:7            Lair (0/6) D:9
    Orc: D:9-12

Altars:
Fedhas
Gozag
Kikubaaqudgha
Makhleb
Sif Muna
Vehumet
The Shining One

Shops:
D:5 (   D:6 (   D:9 =(?=   D:10 (

Annotations:
D:6 exclusion: necrophage


Innate Abilities, Weirdness & Mutations

You cannot wear most types of armour.
You are very stealthy in the water. (Stealth+)
You are amphibious.
You can wear up to eight rings at the same time.
You can use your tentacles to constrict eight enemies at once.
Your skin changes colour to match your surroundings (Stealth+).
Your rubbery body absorbs attacks. (AC +1, EV +1)
You are partially covered in thin metallic scales. (AC +2)
You are weak. (Str -2)


Message History

This wand has 1 charge left.
The killer bee stings you but does no damage.
The killer bee barely misses you. The killer bee stings you!
* * * LOW HITPOINT WARNING * * *
The killer bee barely misses you.
You feel better. The killer bee misses you. You block the killer bee's attack.
The killer bee closely misses you. The killer bee stings you.
* * * LOW HITPOINT WARNING * * *
You feel yourself speed up. The killer bee stings you.
* * * LOW HITPOINT WARNING * * *
The killer bee closely misses you. x2; The wight barely misses you.
The killer bee closely misses you.
You are very lightly contaminated with residual magic.
Unknown command.
The killer bee misses you. The killer bee completely misses you.
The killer bee misses you. The killer bee closely misses you.
The killer bee stings you!
You die...
Kikubaaqudgha rasps: "You have failed me!
Welcome... death!"

..##############################
..........(....(.............)..#
............................)<<.#
............................)...#
................................#
..........K.....................#
..........z....y................#
........).z..Z.y@...............#
...........Z..(.................#
..[.).)(...z..(.................#
...##############################
... ... ..y


.yy .y. You could see 2 killer bees, 3 wights, a centaur warrior zombie, a
kobold and a centaur skeleton.

Vanquished Creatures
  2 hornets
  A wyvern (D:8)
  2 basilisks (D:9)
  2 hungry ghosts
  A water moccasin (D:7)
  2 porcupines (D:9)
  2 sky beasts
  4 phantoms
  An ice beast (D:9)
  3 orc warriors
  2 necrophages
  An ogre (D:7)
  3 centaurs
  A crocodile (D:9)
  2 big kobolds
  6 bullfrogs
  A gnoll sergeant (D:8)
  3 scorpions
  11 killer bees
  2 crimson imps
  A centaur zombie (D:9)
  A bullfrog zombie (D:8)
  9 orc priests
  10 hounds
  3 orc wizards
  13 iguanas
  Ijyb (D:3)
  8 worker ants
  A hound zombie (D:5)
  8 gnolls
  16 adders
  4 river rats (D:9)
  2 shadow imps
  An adder skeleton (D:4)
  4 leopard geckos
  18 orcs
  5 giant cockroaches
  5 goblins
  7 hobgoblins
  9 jackals
  15 kobolds
  8 quokkas
  A ball python (D:3)
  6 bats
  5 frilled lizards
  A leopard gecko skeleton (D:6)
  8 rats
222 creatures vanquished.

Vanquished Creatures (collateral kills)
  2 porcupines (D:9)
  2 ice beasts
  A bullfrog (D:9)
  A killer bee (D:9)
  A river rat (D:9)
  A shadow imp (D:8)
  An orc (D:9)
9 creatures vanquished.

Vanquished Creatures (others)
  An orc (D:3)
  A quokka (D:3)
  A bush (D:5)
  2 fungi (D:9)
  A plant (D:9)
6 creatures vanquished.

Grand Total: 237 creatures vanquished

Notes
Turn   | Place    | Note
-------+----------+-------------------------------------------
     0 | D:1      | Jorund the Octopode Necromancer began the quest for the Orb.
     0 | D:1      | Reached XP level 1. HP: 11/11 MP: 3/3
   199 | D:1      | Found a glowing golden altar of the Shining One.
   359 | D:1      | Reached XP level 2. HP: 16/17 MP: 5/5
   766 | D:2      | Reached XP level 3. HP: 18/21 MP: 6/6
  1274 | D:3      | Learned a level 3 spell: Vampiric Draining
  1276 | D:3      | Learned a level 1 spell: Animate Skeleton
  1517 | D:3      | Found a radiant altar of Vehumet.
  1568 | D:3      | Reached XP level 4. HP: 15/27 MP: 0/8
  1736 | D:3      | Noticed Ijyb
  1749 | D:3      | Killed Ijyb
  1754 | D:3      | Reached XP level 5. HP: 14/31 MP: 0/10
  2296 | D:3      | Reached skill level 1 in Short Blades
  2482 | D:4      | Reached skill level 5 in Necromancy
  2489 | D:4      | Found an ancient bone altar of Kikubaaqudgha.
  2494 | D:4      | Became a worshipper of Kikubaaqudgha
  2986 | D:5      | Entered Level 5 of the Dungeon
  2997 | D:5      | Found Xakhlovuepp's Antique Weapon Boutique.
  3005 | D:5      | Bought a crude falchion for 168 gold pieces
  3005 | D:5      | Identified the cursed +2 falchion "Ribaosch" {slice, Str+4} (You bought it in a shop on level 5 of the Dungeon)
  3019 | D:5      | Noticed a hornet
  3063 | D:5      | Reached XP level 6. HP: 35/36 MP: 7/11
  3318 | D:5      | Learned a level 3 spell: Regeneration
  3399 | D:5      | Killed a hornet
  3399 | D:5      | Reached XP level 7. HP: 41/41 MP: 11/13
  3423 | D:5      | Found a burning altar of Makhleb.
  3424 | D:5      | Found an opulent altar of Gozag.
  3779 | D:5      | Reached skill level 5 in Spellcasting
  3779 | D:5      | Reached skill level 6 in Necromancy
  3988 | D:5      | Learned a level 4 spell: Control Undead
  4103 | D:5      | Learned a level 4 spell: Animate Dead
  4236 | D:5      | Found a blossoming altar of Fedhas.
  4792 | D:5      | Reached XP level 8. HP: 27/46 MP: 4/16
  4969 | D:6      | Found Gipuadd's Antique Weapon Emporium.
  5212 | D:6      | Reached skill level 5 in Stealth
  5212 | D:6      | Reached skill level 7 in Necromancy
  5452 | D:6      | Reached * piety under Kikubaaqudgha
  5452 | D:6      | Identified Kikubaaqudgha's Guide on Dark Rituals (Kikubaaqudgha gifted it to you on level 6 of the Dungeon)
  5452 | D:6      | Received a gift from Kikubaaqudgha
  5462 | D:6      | Gained mutation: You are partially covered in thin metallic scales. (AC +2) [mutagenic meat]
  5463 | D:6      | Gained mutation: You are weak. (Str -2) [mutagenic meat]
  5684 | D:6      | Reached skill level 1 in Shields
  6310 | D:7      | Reached XP level 9. HP: 51/51 MP: 17/19
  6672 | D:7      | Found a deep blue altar of Sif Muna.
  6682 | D:7      | Found a staircase to the Ecumenical Temple.
  6986 | D:8      | Reached skill level 8 in Necromancy
  7344 | D:8      | Reached ** piety under Kikubaaqudgha
  7680 | D:8      | Found a glowing golden altar of the Shining One.
  7907 | D:9      | Found Jiruo's Magic Scroll Emporium.
  7929 | D:9      | Bought a scroll of identify for 28 gold pieces
  7929 | D:9      | Bought a scroll of identify for 28 gold pieces
  7929 | D:9      | Bought a scroll of identify for 28 gold pieces
  7929 | D:9      | Bought a scroll of identify for 28 gold pieces
  8360 | D:9      | Reached skill level 9 in Necromancy
  8383 | D:9      | Found Xyptodd's Jewellery Shop.
  8589 | D:9      | Reached XP level 10. HP: 31/56 MP: 17/22
  8876 | D:9      | Learned a level 2 spell: Sublimation of Blood
  9055 | D:9      | Found Xuopluro's Jewellery Boutique.
  9100 | D:9      | Found a staircase to the Lair.
  9113 | D:9      | Reached skill level 5 in Shields
  9124 | D:9      | Reached *** piety under Kikubaaqudgha
  9124 | D:9      | Identified Kikubaaqudgha's Almanac of Dark Magic (Kikubaaqudgha gifted it to you on level 9 of the Dungeon)
  9124 | D:9      | Received a gift from Kikubaaqudgha
  9298 | D:9      | Found Buozoxt's Weapon Emporium.
  9540 | D:9      | Learned a level 5 spell: Dispel Undead
  9542 | D:10     | Entered Level 10 of the Dungeon
  9556 | D:9      | Reached skill level 10 in Necromancy
  9776 | D:10     | Found Amecis's Weapon Emporium.
 10356 | D:10     | Reached **** piety under Kikubaaqudgha
 10367 | D:10     | Slain by a killer bee

Skill      XL: |  1  2  3  4  5  6  7  8  9 10 |
---------------+-------------------------------+-----
Stealth        | 3 4 5 |  5.0
Spellcasting   | 3 4 5 6 8 9 |  9.6
Short Blades   | 1 2 3 4 |  4.4
Necromancy     | 5 6 7 9 10 | 10.4
Shields        | 2 4 5 |  5.0
Dodging        | |  2.0

Action                   |  1- 3 |  4- 6 |  7- 9 | 10-12 || total
-------------------------+-------+-------+-------+-------++-------
Melee: Dagger            |    55 |    53 |   263 |    92 ||   463
       Constrict         |    12 |    13 |    24 |    16 ||    65
       Tentacles         |     5 |    11 |    34 |    14 ||    64
 Cast: Pain              |    28 |    40 |   182 |   107 ||   357
       Vampiric Draining |       |     4 |    27 |    42 ||    73
       Regeneration      |       |       |    19 |    14 ||    33
       Control Undead    |       |       |     4 |       ||     4
       Animate Dead      |       |       |     1 |     5 ||     6
       Sublimation of Bl |       |       |       |     4 ||     4
       Dispel Undead     |       |       |       |     3 ||     3
Evoke: Wand              |       |     3 |     5 |     7 ||    15
  Use: Scroll            |       |    12 |    15 |     4 ||    31
       Potion            |       |       |     5 |     4 ||     9
 Stab: Sleeping          |     9 |     3 |     7 |     1 ||    20
  Eat: Chunk             |     2 |     5 |    15 |     7 ||    29
       Fruit             |       |     1 |     2 |       ||     3
       Pizza             |       |       |     1 |       ||     1
       Bread ration      |       |       |     1 |       ||     1
Armor: Skin              |    10 |    12 |    69 |    42 ||   133
Dodge: Dodged            |    32 |    33 |   159 |   119 ||   343
Block: Buckler           |       |       |       |    40 ||    40
